 Dungeon Crawl Stone Soup version 0.30-a0-802-gb92711bcdf (webtiles) character file.

Game seed: 496337011317651191

63 BlueFish the Sneak (level 3, 0/25 HPs)
             Began as a Vampire Enchanter on Feb 23, 2023.
             Splashed by a jelly's acid (9 damage)
             ... on level 3 of the Dungeon on Feb 24, 2023.
             The game lasted 00:05:41 (1242 turns).

BlueFish the Sneak (Vampire Enchanter)              Turns: 1242, Time: 00:05:42

Health: 0/25       AC:  3    Str:  7    XL:     3   Next: 89%
Magic:  6/6        EV: 12    Int: 17    God:
Gold:   112        SH:  0    Dex: 16    Spells: 1/6 levels left

rFire   . . .      SeeInvis +    a - +1 dagger
rCold   . . .      Faith    .    (no shield)
rNeg    . . .      Spirit   .    b - +0 robe
rPois   .          Reflect  .    (no helmet)
rElec   .          Harm     .    (no cloak)
rCorr   .          Rampage  .    r - +0 pair of gloves
Will    .....                    (no boots)
Stlth   +++                      (no amulet)
HPRegen 0.44/turn                n - +4 ring of protection
MPRegen 0.10/turn                (no ring)

@: corroded, healing quickly
A: alive, fangs 3, see invisible, vampiric 2
a: Exsanguinate


You were on level 3 of the Dungeon.
You visited 1 branch of the dungeon, and saw 3 of its levels.

You collected 112 gold pieces.

Inventory:

Hand Weapons
 a - a +1 dagger (weapon)
Missiles
 l - 5 poisoned darts (quivered)
Armour
 b - a +0 robe (worn)
 r - a +0 pair of gloves (worn)
Jewellery
 n - a +4 ring of protection (left hand)
Scrolls
 d - 2 scrolls of identify {unknown}
 e - 3 scrolls of teleportation {unknown}
 g - 2 scrolls of fog {unknown}
 k - a scroll of immolation {unknown}
 m - a scroll of enchant weapon {unknown}
 o - 2 scrolls of enchant armour {unknown}
 p - a scroll of magic mapping {unknown}
Potions
 c - 2 potions of invisibility
 f - a potion of cancellation {unknown}
 h - a potion of might {unknown}
 i - a potion of heal wounds {unknown}
 j - a potion of brilliance {unknown}
 q - a potion of curing {unknown}


   Skills:
 + Level 0.8 Fighting
 + Level 1.9 Short Blades
 + Level 0.3 Throwing
 + Level 0.7 Armour
 + Level 2.5 Dodging
 + Level 5.0 Stealth
 + Level 2.3 Spellcasting
 + Level 4.7 Hexes


You had one spell level left.
You knew the following spells:

 Your Spells              Type           Power      Damage    Failure   Level
a - Ensorcelled Hibernat  Hex/Ice        20%        N/A       11%         2
b - Confusing Touch       Hex            18%        N/A       9%          3

Your spell library contained the following spells:

 Spells                   Type           Power      Damage    Failure   Level
 Tukima's Dance           Hex            18%        N/A       9%          3
 Dazzling Flash           Conj/Hex       20%        N/A       22%         3
 Blink                    Tloc           4%         N/A       28%         2
 Manifold Assault         Tloc           2%         N/A       88%         4
 Storm Form               Tmut/Air       1%         N/A       100%        7


Dungeon Overview and Level Annotations

Branches:
Dungeon (3/15)

Altars:

Shops:
D:2 [


Innate Abilities, Weirdness & Mutations

Your natural rate of healing is accelerated.
You have razor-sharp teeth.
You have supernaturally acute eyesight. (SInv)
You are afflicted with vampirism and can become a bat while bloodless.


Message History

(D) Dungeon
Where to? (Enter - D:2, ? - help)
Things that are here:
a +0 dagger; 3 stones
Things that are here:
a +0 dagger; a goblin skeleton
There is a stone staircase leading down here.
You climb downwards.
There is a stone staircase leading up here.
You open the door.
There is an open door here.
You now have 98 gold pieces (gained 14).
Found a pair of gloves.
You see here a +0 pair of gloves.
You start putting on your armour.
You continue putting on your +0 pair of gloves. x4
You finish putting on your +0 pair of gloves.
You open the door.
There is an open door here.
Found 6 stones.
You now have 112 gold pieces (gained 14).
You see here 6 stones.
A jelly comes into view.
Found 16 gold pieces.
Found 10 gold pieces.
The jelly quivers.
The jelly jiggles.
You hit the jelly.
Your hands burn!
The jelly is lightly wounded.
You barely miss the jelly.
The jelly is lightly wounded.
The jelly hits you. The acid corrodes you!
You are splashed with acid!
You hit the jelly.
Your hands burn!
You punch the jelly, but do no damage. You bite the jelly, but do no damage.
The jelly is moderately wounded.
The jelly closely misses you.
You completely miss the jelly.
The jelly is moderately wounded.
The jelly hits you.
You are splashed with acid!
You die...

#. .. . ..... .#######
...... ...$...#
......#######......#
.. ...........#$.....#
............#.#J.....#
.... #.....#..#@....#
#..##....#.(.#.....#
.....#..#....#.....#
.......#.....#.....##
#.#.#.#...............
#.......#.............
##....#..##........###
##......##..#######
##..#......#


You could see a jelly.

Vanquished Creatures
  2 adders (D:2)
  A worm (D:2)
  A dart slug (D:1)
  2 ball pythons
  6 bats
  6 endoplasms
  2 giant cockroaches
  6 goblins
  2 quokkas (D:1)
  3 kobolds
  11 rats
42 creatures vanquished.

Notes
Turn   | Place    | Note
-------+----------+-------------------------------------------
     0 | D:1      | BlueFish the Vampire Enchanter began the quest for the Orb.
     0 | D:1      | Reached XP level 1. HP: 13/13 MP: 3/3
   148 | D:1      | Reached XP level 2. HP: 16/19 MP: 5/5
   157 | D:1      | Learned a level 2 spell: Ensorcelled Hibernation
   417 | D:1      | Gained mutation: You are afflicted with vampirism and can
                  | become a bat while bloodless. [Vampire growth]
   417 | D:1      | Reached XP level 3. HP: 25/25 MP: 6/6
   421 | D:1      | Learned a level 3 spell: Confusing Touch
   650 | D:2      | Found Oloyret's Antique Armour Boutique.
   988 | D:2      | Reached skill level 5 in Stealth
  1242 | D:3      | Splashed by a jelly's acid

Illustrated notes

Levels and vault maps discovered:
D:1:      lemuel_arrival_tunnels, layout_rooms
D:2:      layout_rooms, serial_shops, nicolae_diamond_shop,
          kennysheep_nondescript, minmay_tromino_v4_a
D:3:      layout_basic, hangedman_decor_push, hangedman_decor_opposing,
          uniq_grinder

Skill      XL: |  1  2  3 |
---------------+----------+-----
Stealth        | 5 |  5.0
Fighting       | |  0.8
Short Blades   | |  1.9
Throwing       | |  0.3
Armour         | |  0.7
Dodging        | |  2.5
Spellcasting   | |  2.3
Hexes          | |  4.7

Action                     || total
---------------------------++-------
  Melee: Dagger            ||   129
         Bite              ||    13
         Punch             ||     1
   Cast: Ensorcelled Hiber ||     3
   Stab: Sleeping          ||     6
         Distracted        ||     1
 Armour: Robe              ||    33
  Dodge: Dodged            ||    84

Table legend: (Time is in decaauts)
 A = Elapsed time spent in this place.
 B = Non-inter-level travel time spent in this place.
 C = Inter-level travel time spent in this place.
 D = Time resting spent in this place.
 E = Time spent auto-exploring this place.
 F = Levels seen in this place.
 G = Mean time per level.
                   A        B        C        D        E       F      G
               +--------+--------+--------+--------+--------+-----+--------+
         Total |   1232 |   1148 |     84 |      0 |    772 |   3 |  410.7 |
       Dungeon |   1232 |   1148 |     84 |      0 |    772 |   3 |  410.7 |
               +--------+--------+--------+--------+--------+-----+--------+

Top non-repeatable levels by time:
     D:1: 611 daAuts
     D:2: 546 daAuts
     D:3: 74 daAuts
